 Seeded DCSS version 0.30.0-10-gfe55d96785 (webtiles) character file.

Game seed: 5955004776100772331 (custom seed)

6907 voltaire321 the Cleaver (level 10, -3/88 HPs)
             Began as a Minotaur Gladiator on May 15, 2023.
             Was a Believer of Makhleb.
             Slain by an orc knight
             ... wielding a +0 glaive
              (10 damage)
             ... in a bailey.
             The game lasted 00:14:00 (6741 turns).

voltaire321 the Cleaver (Minotaur Gladiator)        Turns: 6741, Time: 00:14:01

Health: -3/88      AC: 13    Str: 26    XL:     10   Next: 79%
Magic:  13/13      EV: 17    Int:  5    God:    Makhleb [**....]
Gold:   527        SH:  0    Dex: 15    Spells: 9/9 levels left

rFire   + . .        t - +7 battleaxe of Ignis's Supremacy {heavy, rF+ Str+3 Dex+3 Stlth+}
rCold   + . .        (shield currently unavailable)
rNeg    . . .        z - +0 chain mail {rC+}
rPois   +            c - +0 hat
rElec   .            J - +0 cloak
rCorr   .            A - +0 pair of gloves
SInv    .            (no boots)
Will    .....        (no amulet) Stlth
                     q - ring of poison resistance
HPRegen 0.34/turn    v - +5 ring of evasion
MPRegen 0.13/turn

%: no passive effects
@: no status effects
A: horns 2, retaliatory headbutt
a: Renounce Religion, Minor Destruction


You were in a bailey.
You worshipped Makhleb.
Makhleb was pleased with you.
You visited 1 branch of the dungeon, and saw 9 of its levels.
You also visited: Bailey.

You collected 597 gold pieces.
You spent 70 gold pieces at shops.

Inventory:

Hand Weapons
 a - a +0 war axe
 t - the +7 battleaxe of Ignis's Supremacy (weapon) {heavy, rF+ Str+3 Dex+3 Stlth+}
   (You found it on level 3 of the Dungeon)

   Str:       It affects your strength (+3).
   Dex:       It affects your dexterity (+3).
   rF:        It protects you from fire.
   Stlth:     It makes you more stealthy.
Missiles
 d - 4 throwing nets (quivered)
 e - a javelin
 B - 23 poisoned darts
Armour
 c - a +0 hat (worn)
 z - a +0 chain mail of cold resistance (worn)
 A - a +0 pair of gloves (worn)
 J - a +0 cloak (worn)
Jewellery
 p - an amulet of magic regeneration
 q - a ring of poison resistance (left hand)
 u - a +6 ring of dexterity
 v - a +5 ring of evasion (right hand)
 I - the amulet of Curiosity {RegenMP rPois}
   (You found it on level 7 of the Dungeon)

   [amulet of magic regeneration]

   It increases your rate of magic regeneration.
   rPois:     It protects you from poison.
Wands
 H - a wand of paralysis (13)
 N - a wand of iceblast (2)
Scrolls
 g - a scroll of blinking {unknown}
 h - 2 scrolls of noise {unknown}
 i - 2 scrolls of enchant weapon {unknown}
 l - 4 scrolls of teleportation {unknown}
 m - 3 scrolls of immolation {unknown}
 n - 2 scrolls of summoning {unknown}
 o - 4 scrolls of fear {unknown}
 s - a scroll of identify
 x - 3 scrolls of fog {unknown}
 y - a scroll of vulnerability {unknown}
 D - 2 scrolls of poison {unknown}
 K - a scroll of amnesia {unknown}
 L - a scroll of silence {unknown}
Potions
 b - 2 potions of curing
 f - 2 potions of haste
 j - a potion of magic
 k - 2 potions of ambrosia
 r - 2 potions of mutation {unknown}
 w - a potion of lignification
 C - a potion of flight {unknown}
 E - 2 potions of heal wounds {unknown}
 F - 2 potions of brilliance {unknown}
 G - a potion of might
 M - a potion of attraction {unknown}
 P - a potion of resistance {unknown}


   Skills:
 + Level 8.3 Fighting
 * Level 11.3 Axes
 - Level 6.0 Throwing
 + Level 7.8 Armour
 + Level 8.0 Dodging
 + Level 5.5 Invocations


You had 9 spell levels left.
You didn't know any spells.
Your spell library contained the following spells:

 Spells                   Type           Power      Damage    Failure   Level
 Freeze                   Ice            0%         1d3       92%         1
 Shock                    Conj/Air       0%         1d3       92%         1
 Ensorcelled Hibernation  Hex/Ice        0%         N/A       98%         2
 Passwall                 Tmut/Erth      0%         N/A       98%         2
 Call Canine Familiar     Summ           0%         N/A       100%        3
 Frozen Ramparts          Ice            0%         1d1       100%        3
 Hailstorm                Conj/Ice       0%         3d3       100%        3
 Portal Projectile        Hex/Tloc       0%         N/A       100%        3
 Swiftness                Air            0%         N/A       100%        3
 Tukima's Dance           Hex            0%         N/A       100%        3
 Vhi's Electric Charge    Tloc/Air       0%         N/A       100%        3
 Airstrike                Air            0%         2d(0-16)  100%        4
 Ice Form                 Ice/Tmut       0%         N/A       100%        4
 Leda's Liquefaction      Hex/Erth       0%         N/A       100%        4
 Summon Ice Beast         Ice/Summ       0%         N/A       100%        4
 Arcjolt                  Conj/Air       0%         1d10      100%        5
 Blade Hands              Tmut           0%         N/A       100%        5
 Plasma Beam              Fire/Air       0%         2x1d11    100%        6


Dungeon Overview and Level Annotations

Branches:
Dungeon (9/15)             Temple (0/1) D:7            Lair (0/5) D:8
 Bailey (1/1)
    Orc: D:9-12

Altars:
Gozag
Makhleb
Uskayaw
Xom

Shops:
D:2 *

Annotations:
Bailey 2 runed translucent doors


Innate Abilities, Weirdness & Mutations

You have a pair of horns on your head.
You reflexively headbutt those who attack you in melee.


Message History

Press: ? - help, Q - select action, (/) - cycle Shift-Dir - straight line, f/p - orc knight
Aim: an orc knight, wielding a +0 glaive and wearing a +0 scale mail (60% to hit, chance to frenzy on hit: 15%)
You throw a datura-tipped dart.
The datura-tipped dart barely misses the orc knight.
Throw: dart (datura)
Press: ? - help, Q - select action, (/) - cycle Shift-Dir - straight line, f/p - orc knight
Aim: an orc knight, wielding a +0 glaive and wearing a +0 scale mail (60% to hit, chance to frenzy on hit: 15%)
You throw a datura-tipped dart.
The datura-tipped dart hits the orc knight!
The orc knight flies into a frenzy!
The orc knight hits the orc warrior with a +0 glaive!
The orc warrior completely misses you.
The orc knight hits the orc warrior with a +0 glaive!!!
The orc warrior dies!
Makhleb accepts your kill.
Things that are here:
a +0 spear; a +0 scale mail The orc knight shouts!
Things that are here:
a +0 glaive; a +0 chain mail An orc warrior comes into view.
It is wielding a +0 trident.
The orc knight barely misses you.
Things that are here:
a +0 spear; a +0 chain mail The orc warrior shouts!
The orc knight hits you from afar with a +0 glaive!
* * * LOW HITPOINT WARNING * * *
The orc warrior hits you but does no damage.
There is a large open door here.
The orc warrior hits you from afar with a +0 trident!
* * * LOW HITPOINT WARNING * * *
The orc knight misses you. The orc knight closely misses you.
The orc warrior barely misses you.
You barely miss the orc warrior. Your headbutt misses the orc warrior.
The orc knight hits you from afar with a +0 glaive!
* * * LOW HITPOINT WARNING * * *
The orc knight completely misses you. The orc warrior closely misses you.
You furiously retaliate!
You headbutt the orc warrior.
The orc knight hits you from afar with a +0 glaive!
You die...

≈≈≈≈≈..♣# ## #..≈≈≈≈...#
####.$#..≈≈≈≈≈..####
.....#...≈≈≈≈.....###
...##...≈≈≈≈..♣♣...♣♣
#..#....≈≈≈≈..♣...... #.8##.
=##8.#...######........ #..#..
?$#..#o..............∩. #..+..
$!#..'@................
..+..##)?#..'.................
#....})#.o#...)...........∩.
#.e.. #8.#...######........
#..########))#....≈≈≈≈.........
#(...((..))).##.♣.≈≈≈≈..♣....♣♣
......)..)....#...≈≈≈≈.....###
$.##########.$#..♣≈≈≈≈..♣.##
####..♣≈≈≈≈≈...#


You could see an orc warrior and a neutral orc knight (fast, strong, insane).

Vanquished Creatures
  2 two-headed ogres (D:9)
  Pikel (D:8)
  A komodo dragon (D:8)
  Grinder (D:3)
  A wyvern (D:8)
  4 yaks (D:9)
  2 steam dragons
  A water moccasin (D:8)
  4 sky beasts
  An ice beast (D:7)
  7 black bears
  9 orc warriors
  2 ogres
  A kobold brigand (D:8)
  A phantom (D:6)
  A lemure (D:8)
  The ghost of sokol815 the Sneak, an amateur KoBr (D:3)
  3 bullfrogs
  2 scorpions
  A gnoll sergeant (D:8)
  2 electric eels (D:9)
  A howler monkey (D:5)
  A crimson imp (D:4)
  A jelly (D:6)
  Crazy Yiuf (D:7)
  2 hounds (D:5)
  4 orc priests
  2 iguanas
  Natasha (thrice) (D:2)
  8 orc wizards
  A sleepcap (D:6)
  11 gnolls
  9 adders
  A worm (D:2)
  4 dart slugs
  22 orcs
  4 endoplasms
  3 giant cockroaches
  6 goblins
  8 hobgoblins
  9 jackals
  6 quokkas
  8 ball pythons
  4 bats
  6 frilled lizards
  12 kobolds
  4 rats
189 creatures vanquished.

Vanquished Creatures (collateral kills)
  An orc warrior (Bailey)
1 creature vanquished.

Vanquished Creatures (others)
  An orc (D:3)
1 creature vanquished.

Grand Total: 191 creatures vanquished

Notes
Turn   | Place    | Note
-------+----------+-------------------------------------------
     0 | D:1      | voltaire321 the Minotaur Gladiator began the quest for the
                  | Orb.
     0 | D:1      | Reached XP level 1. HP: 18/18 MP: 0/0
   150 | D:1      | Found a faded altar of an unknown god.
   244 | D:1      | Reached XP level 2. HP: 25/25 MP: 1/1
   251 | D:1      | Reached skill level 1 in Armour
   653 | D:2      | Reached XP level 3. HP: 30/30 MP: 2/2
   655 | D:2      | Reached skill level 4 in Axes
   918 | D:2      | Reached XP level 4. HP: 37/38 MP: 3/3
  1028 | D:2      | Found Xifik's General Store.
  1038 | D:2      | Bought a potion of curing for 42 gold pieces
  1038 | D:2      | Bought a scroll of identify for 28 gold pieces
  1045 | D:2      | You fall into a shaft and drop 1 floor!
  1101 | D:2      | Noticed Natasha
  1114 | D:2      | Killed Natasha
  1385 | D:2      | Noticed Natasha
  1389 | D:2      | Killed Natasha
  1524 | D:2      | Noticed Natasha
  1530 | D:2      | Killed Natasha
  1531 | D:2      | Reached XP level 5. HP: 33/45 MP: 4/4
  1889 | D:3      | Found a runed translucent door.
  2055 | D:3      | Noticed Grinder
  2056 | D:3      | Identified the +7 battleaxe of Ignis's Supremacy {heavy,
                  | rF+ Str+3 Dex+3 Stlth+}
  2073 | D:3      | Killed Grinder
  2074 | D:3      | Reached skill level 5 in Axes
  2074 | D:3      | Reached XP level 6. HP: 38/52 MP: 5/5
  2440 | D:3      | Noticed sokol815's ghost (amateur KoBr)
  2446 | D:3      | Killed sokol815's ghost
  2607 | D:4      | Found a shimmering altar of Xom.
  2608 | D:4      | Found a burning altar of Makhleb.
  2616 | D:4      | Reached XP level 7. HP: 57/60 MP: 6/6
  2621 | D:4      | Became a worshipper of Makhleb the Destroyer
  2786 | D:4      | Reached skill level 5 in Dodging
  2789 | D:4      | Noticed a +0 dagger
  2789 | D:4      | Noticed a +0 hand axe
  2791 | D:4      | Reached skill level 6 in Axes
  2818 | D:4      | Found a hide-covered altar of Uskayaw.
  2873 | D:4      | Reached skill level 1 in Invocations
  2999 | D:5      | Entered Level 5 of the Dungeon
  3074 | D:5      | Found an opulent altar of Gozag.
  3100 | D:5      | Reached skill level 5 in Fighting
  3566 | D:5      | Reached XP level 8. HP: 68/68 MP: 8/8
  3810 | D:6      | Reached * piety under Makhleb
  3849 | D:6      | Reached skill level 7 in Axes
  3941 | D:6      | Reached skill level 5 in Armour
  4723 | D:7      | Reached skill level 8 in Axes
  4723 | D:7      | Reached skill level 5 in Throwing
  4941 | D:7      | Identified the amulet of Curiosity {RegenMP rPois}
  4969 | D:7      | Reached XP level 9. HP: 69/75 MP: 10/10
  5017 | D:7      | Found a staircase to the Ecumenical Temple.
  5106 | D:7      | Found a runed translucent door.
  5107 | D:7      | Noticed Crazy Yiuf
  5112 | D:7      | Killed Crazy Yiuf
  5457 | D:8      | Noticed a komodo dragon
  5466 | D:8      | Killed a komodo dragon
  5474 | D:8      | Noticed Pikel
  5477 | D:8      | Killed Pikel
  5478 | D:8      | Reached skill level 9 in Axes
  5493 | D:8      | Reached ** piety under Makhleb
  6020 | D:8      | Reached XP level 10. HP: 71/86 MP: 12/12
  6094 | D:8      | Found a staircase to the Lair.
  6213 | D:9      | Noticed a two-headed ogre
  6219 | D:9      | Killed a two-headed ogre
  6220 | D:9      | Reached skill level 10 in Axes
  6349 | D:9      | Noticed a two-headed ogre
  6357 | D:9      | Killed a two-headed ogre
  6451 | D:9      | Reached skill level 5 in Invocations
  6556 | D:9      | Reached skill level 11 in Axes
  6584 | D:9      | Found a flagged portal.
  6593 | Bailey   | Entered a bailey
  6718 | Bailey   | Found a large runed translucent door.
  6718 | Bailey   | Found a large runed translucent door.
  6718 | Bailey   | Noticed a deep elf pyromancer
  6722 | Bailey   | Noticed an orc knight
  6741 | Bailey   | Slain by an orc knight

Illustrated notes

Levels and vault maps discovered:
D:1:      dpeg_arrival_stone_temple_mockup, layout_basic,
          hellmonk_ecumenical_altar_run_dry, minmay_pentomino_p4
D:2:      minmay_recursive_quarters, layout_loops_corners, serial_shops,
          nicolae_shop_crystal, uniq_natasha
D:3:      layout_loops_cross, ebering_ghost_reflecting_pool, moated_statue,
          uniq_grinder
D:4:      layout_rooms, grunt_temple_overflow_champion_of_chaos,
          dancing_weapons_uskayaw
D:5:      layout_basic, nicolae_gozag_seed_capital, small_statue_intersection
D:6:      layout_basic, nicolae_sextant
D:7:      layout_basic, minmay_temple_entry_offerings, uniq_crazy_yiuf_cottage
D:8:      layout_loops_ring, grunt_lair_entry_orc_guard_hut, uniq_pikel
D:9:      layout_roguey, tso_altar, enter_bailey_5, serial_bayou_lagoon_b
Bailey:   bailey_polearm_elven_captive_hellmonk, bailey

Skill      XL: |  1  2  3  4  5  6  7  8  9 10 |
---------------+-------------------------------+-----
Armour         | 1 2 3 4 5 6 7 |  7.8
Axes           | 4 5 6 8 9 11 | 11.3
Fighting       | 3 4 5 6 7 8 |  8.3
Dodging        | 4 5 6 7 8 |  8.0
Throwing       | 3 4 5 6 |  6.0
Invocations    | 1 3 4 5 |  5.5

Action                     |  1- 3 |  4- 6 |  7- 9 | 10-12 || total
---------------------------+-------+-------+-------+-------++-------
  Melee: War axe           |    66 |    39 |       |       ||   105
         Headbutt          |     7 |    13 |    14 |     7 ||    41
         Punch             |     2 |       |       |       ||     2
         Battleaxe         |       |    23 |   112 |    50 ||   185
  Throw: Dart              |       |       |       |     6 ||     6
    Use: Scroll            |       |     1 |       |     4 ||     5
 Armour: Leather armour    |    18 |       |       |       ||    18
         Ring mail         |     3 |    15 |       |       ||    18
         Chain mail        |       |     5 |    67 |    15 ||    87
  Dodge: Dodged            |    56 |    39 |   160 |    71 ||   326
